 Dungeon Crawl Stone Soup version 0.31-a0-232-gb1c03b2570 (webtiles) character file.

Game seed: 16179726248116314370

281 qw the Shooter (level 6, 0/51 HPs)
             Began as a Minotaur Hexslinger on July 7, 2023.
             Slain by an orc wizard
             ... wielding a +0 dagger
              (1 damage)
             ... on level 4 of the Dungeon.
             The game lasted 00:00:50 (2036 turns).

qw the Shooter (Minotaur Hexslinger)                Turns: 2036, Time: 00:00:51

Health: 0/51       AC:  7    Str: 13    XL:     6   Next: 6%
Magic:  6/6        EV: 12    Int: 10    God:
Gold:   91         SH:  0    Dex: 14    Spells: 6/7 levels left

rFire   . . .        Y - +1 sling (flame)
rCold   . . .        (no shield)
rNeg    . . .        g - +0 leather armour
rPois   .            (helmet restricted)
rElec   .            (no cloak)
rCorr   .            d - +0 pair of gloves
SInv    .            j - +2 pair of boots
Will    .....        (no amulet)
Stlth   +            (no ring)
HPRegen 1.08/turn    (no ring)
MPRegen 0.10/turn

%: no passive effects
@: about to teleport
A: horns 2, retaliatory headbutt, fangs 1, regeneration 1, wild magic 1
a: no special abilities


You were on level 4 of the Dungeon.
You visited 1 branch of the dungeon, and saw 4 of its levels.

You collected 91 gold pieces.


Innate Abilities, Weirdness & Mutations

You have a pair of horns on your head.
You reflexively headbutt those who attack you in melee.
You have very sharp teeth.
Your natural rate of healing is unusually fast.
Your spells are a little harder to cast, but a little more powerful.


   Skills:
 + Level 3.0 Fighting
 - Level 6.4 Ranged Weapons
 - Level 1.0 Armour
 - Level 2.1 Dodging
 - Level 1.0 Spellcasting
 - Level 2.0 Hexes


You had 6 spell levels left.
You knew the following spells:

 Your Spells              Type           Power      Damage    Failure   Level
a - Slow                  Hex            20%        N/A       26%         1

Your spell library contained the following spells:

 Spells                   Type           Power      Damage    Failure   Level
 Inner Flame              Hex/Fire       3%         N/A       73%         3
 Portal Projectile        Hex/Tloc       6%         N/A       73%         3
 Cause Fear               Hex            2%         N/A       92%         4

Inventory:

Hand Weapons
 Y - a +1 sling of flaming (weapon)
Armour
 d - a +0 pair of gloves (worn)
 g - a +0 leather armour (worn)
 j - a +2 pair of boots (worn)
Scrolls
 c - a scroll of identify
Potions
 a - a potion of might
 b - a potion of haste {unknown}
 f - 2 potions of mutation
 k - a potion of curing

Dungeon Overview and Level Annotations

Branches:
Dungeon (4/15)
 Temple: D:4-7

Altars:
Hepliaklqana
Nemelex Xobeh

Annotations:
D:3 2 transporters


Message History

The sling bullet hits the orc warrior but does no damage.
The orc warrior is moderately wounded.
The orc warrior hits you with a +0 war axe!
The orc wizard hits you but does no damage.
You shoot a sling bullet.
The sling bullet barely misses the orc warrior.
The sling bullet hits the ogre!
The sling bullet burns the ogre.
The ogre is heavily wounded.
The orc warrior hits you with a +0 war axe!
The orc wizard gestures wildly while chanting.
The orc wizard flickers and vanishes!
Deactivating autopickup; reactivate with Ctrl-A.
The orc warrior barely misses you.
You hear some strange, mumbled words.
You are confused.
2032 ||| DRINKING 2 potions of curing.
You feel better.
2032 ||| (to cure confusion)
The orc warrior hits you with a +0 war axe.
Something hits you but does no damage.
You shoot a sling bullet.
The sling bullet hits the orc warrior but does no damage.
The orc warrior is moderately wounded.
The orc warrior misses you. Something hits you but does no damage.
You shoot a sling bullet.
The sling bullet hits the orc warrior but does no damage.
The orc warrior is moderately wounded.
The orc warrior hits you with a +0 war axe!
Something hits you but does no damage.
You shoot a sling bullet.
The sling bullet closely misses the orc warrior.
The sling bullet hits the ogre.
The sling bullet burns the ogre.
The ogre is severely wounded.
The orc warrior hits you with a +0 war axe!
Something hits you but does no damage.
2036 ||| READING scroll of teleportation.
As you read the scroll of teleportation, it crumbles to dust.
You feel strangely unstable.
The orc warrior hits you with a +0 war axe!
Something hits you.
You die...

######### #........
#........
################........
......{................<
#..Oo@...#####........
....)##..### #...<....
#$# #.## #....>... #..#
######### ..$.. #....#
##.#)# #....


You could see an orc warrior and an ogre.

Vanquished Creatures
  Sigmund (D:2)
  An iguana (D:3)
  3 adders
  4 dart slugs
  2 orcs
  8 endoplasms
  3 goblins (D:3)
  6 hobgoblins
  A quokka (D:3)
  10 ball pythons
  6 bats
  A frilled lizard (D:3)
  5 kobolds
  9 rats
60 creatures vanquished.

Notes
Turn   | Place    | Note
-------+----------+-------------------------------------------
     0 | D:1      | qw the Minotaur Hexslinger began the quest for the Orb.
     0 | D:1      | Reached XP level 1. HP: 16/16 MP: 1/1
     0 | D:1      | 0 ||| qw: Version: 0.3-a-46-gb1f654a
     0 | D:1      | 0 ||| qw: Game counter: 2531
     0 | D:1      | 0 ||| qw: Melee chars always use a shield: true
     0 | D:1      | 0 ||| qw: God list: Okawaru
     0 | D:1      | 0 ||| qw: Allow faded altars: false
     0 | D:1      | 0 ||| qw: Do Orc after clearing Dungeon:15 true
     0 | D:1      | 0 ||| qw: Do second Lair branch before Depths: true
     0 | D:1      | 0 ||| qw: Lair rune preference: random
     0 | D:1      | 0 ||| qw: Goals: Normal
     0 | D:1      | 0 ||| PLANNING D:1-11
     2 | D:1      | 2 ||| Stepping ~*~*~tactically~*~*~ (water).
   118 | D:1      | Reached skill level 3 in Ranged Weapons
   118 | D:1      | Reached XP level 2. HP: 23/23 MP: 2/2
   254 | D:1      | 254 ||| FLEEEEING.
   255 | D:1      | 255 ||| FLEEEEING.
   256 | D:1      | 256 ||| FLEEEEING.
   272 | D:1      | 272 ||| FLEEEEING.
   566 | D:1      | 566 ||| UPGRADING to +0 pair of gloves.
   571 | D:1      | 571 ||| UPGRADING to +0 leather armour.
   581 | D:1      | 581 ||| DROPPING +0 robe.
   582 | D:1      | 582 ||| READING scroll labelled WOYS QOBATE.
   583 | D:1      | 583 ||| READING scroll labelled INEANURRID.
   584 | D:1      | 584 ||| READING scroll labelled CIB OCAPNOSMUU.
   585 | D:1      | 585 ||| READING scroll labelled UHAMNO QIACUD.
   586 | D:1      | 586 ||| DRINKING 2 coppery potions.
   586 | D:1      | Gained mutation: Your spells are a little harder to cast,
                  | but a little more powerful. [potion of mutation]
   586 | D:1      | Gained mutation: Your natural rate of healing is unusually
                  | fast. [potion of mutation]
   586 | D:1      | Gained mutation: You have very sharp teeth. [potion of
                  | mutation]
   587 | D:1      | 587 ||| DROPPING scroll of poison.
   651 | D:2      | Reached XP level 3. HP: 29/29 MP: 3/3
   785 | D:2      | Reached skill level 4 in Ranged Weapons
  1029 | D:2      | Noticed Sigmund
  1042 | D:2      | Killed Sigmund
  1043 | D:2      | Reached skill level 6 in Ranged Weapons
  1043 | D:2      | Reached XP level 4. HP: 15/36 MP: 4/4
  1043 | D:2      | Reached XP level 5. HP: 17/41 MP: 5/5
  1292 | D:2      | 1292 ||| READING 3 scrolls labelled RIOSHR FAMOENTEXKI.
  1293 | D:2      | 1293 ||| READING 2 scrolls of brand weapon.
  1293 | D:2      | 1293 ||| BRANDING +1 sling of freezing.
  1294 | D:2      | 1294 ||| READING scroll of brand weapon.
  1294 | D:2      | 1294 ||| BRANDING +1 sling of draining.
  1295 | D:2      | 1295 ||| DRINKING 2 yellow potions.
  1296 | D:2      | 1296 ||| READING 2 scrolls of identify.
  1296 | D:2      | 1296 ||| IDENTIFYING brown potion
  1329 | D:3      | Found a transporter.
  1356 | D:3      | Found a transporter.
  1516 | D:3      | Reached skill level 3 in Fighting
  1573 | D:3      | Reached XP level 6. HP: 51/51 MP: 6/6
  1733 | D:3      | Reached skill level 1 in Armour
  1757 | D:3      | Found a faded altar of an unknown god.
  1906 | D:3      | Found a hazy altar of Hepliaklqana.
  1906 | D:3      | Found a sparkling altar of Nemelex Xobeh.
  1981 | D:3      | 1981 ||| UPGRADING to +2 pair of boots.
  1986 | D:3      | 1986 ||| READING scroll labelled QAFIEPREOHI.
  1987 | D:3      | 1987 ||| READING 2 scrolls labelled CAEN NOCISOOTH.
  1991 | D:3      | 1991 ||| READING 3 scrolls labelled TEPUNNUJIC.
  1992 | D:3      | 1992 ||| DROPPING 2 scrolls of fog.
  2020 | D:4      | Noticed an orc warrior
  2032 | D:4      | 2032 ||| DRINKING 2 potions of curing.
  2032 | D:4      | 2032 ||| (to cure confusion)
  2035 | D:4      | HP: 10/51 [orc warrior/+0 war axe (8)]
  2036 | D:4      | 2036 ||| READING scroll of teleportation.
  2036 | D:4      | HP: 1/51 [orc warrior/+0 war axe (10)]
  2036 | D:4      | Slain by an orc wizard

Levels and vault maps discovered:
D:1:      ebering_trefoil_twist, layout_loops_ring
D:2:      layout_loops_ring, uniq_sigmund, uniq_crazy_yiuf_cottage
D:3:      gammafunk_steamed_eel, layout_loops_cross,
          amethyst_overflow_temple_binary,
          shapermc_ecumenical_altar_mp_vishouse, chequers_serial_rivers_micro_e,
          st_stairs_13
D:4:      layout_rooms, kennysheep_mini_moat, minmay_temple_entry_slanted

Skill      XL: |  1  2  3  4  5  6 |
---------------+-------------------+-----
Ranged Weapons | 3 6 |  6.4
Fighting       | 2 3 |  3.0
Armour         | 1 |  1.0
Dodging        | |  2.1
Spellcasting   | |  1.0
Hexes          | |  2.0

Action                     |  1- 3 |  4- 6 || total
---------------------------+-------+-------++-------
   Fire: Sling             |   100 |    61 ||   161
    Use: Scroll            |     4 |     8 ||    12
         Potion            |     1 |     2 ||     3
 Armour: Robe              |     2 |       ||     2
         Leather armour    |     9 |     9 ||    18
  Dodge: Dodged            |    16 |     9 ||    25

Table legend:
 A = Non-vault XP
 B = Vault XP
 C = Vault XP percentage of total XP
 D = Non-vault monster count
 E = Vault monster count
 F = Vault count percentage of total count
                 A         B        C        D         E       F
            +---------+---------+-------+---------+---------+-------
      Total |     133 |     269 |  66.9 |      57 |       3 |   5.0
            +---------+---------+-------+---------+---------+-------
        D:1 |      40 |       0 |   0.0 |      21 |       0 |   0.0
        D:2 |      43 |     231 |  84.3 |      14 |       1 |   6.7
        D:3 |      43 |      38 |  46.9 |      18 |       2 |  10.0
        D:4 |       7 |       0 |   0.0 |       4 |       0 |   0.0
            +---------+---------+-------+---------+---------+-------
